 Dungeon Crawl Stone Soup version 0.30-a0-1112-gfb780f5df6 (webtiles) character file.

Game seed: 13845416777642795763

2 demibob the Charlatan (level 1, 0/15 HPs)
             Began as a Demonspawn Wanderer on Apr 20, 2023.
             Slain by a kobold
             ... wielding a +1 dagger of venom
              (3 damage)
             ... on level 1 of the Dungeon.
             The game lasted 00:00:10 (27 turns).

demibob the Charlatan (Demonspawn Wanderer)           Turns: 27, Time: 00:00:11

Health: 0/15       AC:  4    Str: 14    XL:     1   Next: 25%
Magic:  1/1        EV: 11    Int: 10    God:
Gold:   0          SH:  0    Dex: 15    Spells: 0/0 levels left

rFire   . . .      SeeInvis .    a - +0 short sword
rCold   . . .      Faith    .    (no shield)
rNeg    . . .      Spirit   .    e - +0 leather armour
rPois   .          Reflect  .    (no helmet)
rElec   .          Rampage  .    (no cloak)
rCorr   .                        (no gloves)
Will    .....                    c - +0 pair of boots
Stlth   +++                      (no amulet)
HPRegen 0.22/turn                (no ring)
MPRegen 0.07/turn                (no ring)

@: lethally poisoned (0 -> -4)
A: claws 1, thin skeletal structure 1, sense surroundings 1, screaming 1
a: no special abilities


You were on level 1 of the Dungeon.
You visited 1 branch of the dungeon, and saw 1 of its levels.


Innate Abilities, Weirdness & Mutations

You have sharp fingernails.
You have a somewhat thin skeletal structure. (Dex +2, Stealth+)
You passively map a small area around you.
You occasionally shout uncontrollably at your foes.


   Skills:
 - Level 1.0 Fighting
 + Level 2.0 Short Blades
 - Level 2.6 Stealth
 - Level 4.0 Evocations


You couldn't memorise any spells.
You didn't know any spells.
Your spell library was empty.

Inventory:

Hand Weapons
 a - a +0 short sword (weapon)
Armour
 c - a +0 pair of boots (worn)
 e - a +0 leather armour (worn)
Scrolls
 f - a scroll of teleportation {unknown}
Miscellaneous
 b - a lightning rod (4/4) (quivered)

Dungeon Overview and Level Annotations

Branches:
Dungeon (1/15)

Altars:

* #.........(.)........
#...⌠..........<..... .
#....................
,..
##........⌠.........⌠ *
... ##...⌠..............
...####..........⌠.....
......##'##............
...###g....#############
...r.JK@........
......#bJ.......
...(.,#.######## *
....,,#.# ... ,..# , ^.
,,.... * , . , .... , ,
.....


You could see 2 endoplasms, a hobgoblin, a bat, a kobold and a rat.


Message History

You closely miss the bat. The bat closely misses you.
An endoplasm comes into view.
The bat hits you but does no damage. The ball python closely misses you.
The ball python barely misses you.
You hit the ball python but do no damage.
The bat barely misses you. The ball python bites you.
The ball python grabs you. The ball python constricts you.
The bat hits you but does no damage. The ball python bites you.
The ball python constricts you.
You barely miss the ball python. The bat hits you.
The ball python closely misses you. The ball python constricts you.
You hit the ball python.
You kill the ball python!
The bat hits you but does no damage. The bat closely misses you.
The kobold hits you with a +1 dagger of venom.
You are poisoned.
The endoplasm freezes you.
You are frozen.
* * * LOW HITPOINT WARNING * * *
Your Short Blades skill increases to level 2!
Really quaff the potion of mutation?
You feel extremely strange.
You feel the urge to shout.
Your bones become slightly less dense.
Your fingernails lengthen.
You feel a strange attunement to the structure of the dungeons.
* * * LOW HITPOINT WARNING * * *
You feel sick. The bat barely misses you. The endoplasm hits you.
* * * LOW HITPOINT WARNING * * *
The kobold hits you with a +1 dagger of venom.
You die...

Skill      XL: |  1 |
---------------+----+-----
Short Blades   | 2 |  2.0
Fighting       | |  1.0
Stealth        | |  2.6
Evocations     | |  4.0

Action                     || total
---------------------------++-------
  Melee: Short sword       ||     7
    Use: Potion            ||     1
 Armour: Leather armour    ||     4
  Dodge: Dodged            ||     9

Levels and vault maps discovered:
D:1:      dpeg_arrival_water_temple_mockup, layout_basic,
          hellmonk_ecumenical_altar_crossroads, roderic_serpentine_path

Notes
Turn   | Place    | Note
-------+----------+-------------------------------------------
     0 | D:1      | demibob the Demonspawn Wanderer began the quest for the
                  | Orb.
     0 | D:1      | demibob set off with the following items: a +0 short sword,
                  | a lightning rod (4/4), a +0 pair of boots, a potion of
                  | mutation, a +0 leather armour.
     0 | D:1      | Reached XP level 1. HP: 15/15 MP: 1/1
    27 | D:1      | Reached skill level 2 in Short Blades
    27 | D:1      | Gained mutation: You occasionally shout uncontrollably at
                  | your foes. [potion of mutation]
    27 | D:1      | Gained mutation: You have a somewhat thin skeletal
                  | structure. (Dex +2, Stealth+) [potion of mutation]
    27 | D:1      | Gained mutation: You have sharp fingernails. [potion of
                  | mutation]
    27 | D:1      | Gained mutation: You passively map a small area around you.
                  | [potion of mutation]
    27 | D:1      | Slain by a kobold

Vanquished Creatures
  A goblin (D:1)
  A ball python (D:1)
2 creatures vanquished.

Table legend: (Time is in decaauts)
 A = Elapsed time spent in this place.
 B = Non-inter-level travel time spent in this place.
 C = Inter-level travel time spent in this place.
 D = Time resting spent in this place.
 E = Time spent auto-exploring this place.
 F = Levels seen in this place.
 G = Mean time per level.
                   A        B        C        D        E       F      G
               +--------+--------+--------+--------+--------+-----+--------+
         Total |     26 |     26 |      0 |      0 |     14 |   1 |   26.0 |
       Dungeon |     26 |     26 |      0 |      0 |     14 |   1 |   26.0 |
               +--------+--------+--------+--------+--------+-----+--------+

Top non-repeatable levels by time:
     D:1: 26 daAuts

Table legend:
 A = Non-vault XP
 B = Vault XP
 C = Vault XP percentage of total XP
 D = Non-vault monster count
 E = Vault monster count
 F = Vault count percentage of total count
                 A         B        C        D         E       F
            +---------+---------+-------+---------+---------+-------
      Total |       3 |       0 |   0.0 |       2 |       0 |   0.0
            +---------+---------+-------+---------+---------+-------
        D:1 |       3 |       0 |   0.0 |       2 |       0 |   0.0
            +---------+---------+-------+---------+---------+-------
